 Yiufcrawl Soup (a DCSS fork) version 1.5.2b1-yiuf-19-g91104ff (webtiles) character file.

38 Halgar the Ducker (level 3, 0/21 HPs)
             Began as an Imp Berserker on Feb 11, 2018.
             Was a Follower of Trog.
             Slain by a worm (8 damage)
             ... on level 1 of the Dungeon.
             The game lasted 00:09:24 (1032 turns).

Halgar the Ducker (Imp Berserker)                   Turns: 1032, Time: 00:09:24

Health: 0/21       AC:  2    Str: 16    XL:     3   Next: 43%
Magic:  3/3        EV: 19    Int:  8    God:    Trog [*.....]
Gold:   76         SH:  5    Dex: 13    Spells: 2/2 levels left

rFire    + . .     SeeInvis .   h - +0 whip
rCold    x . .     Gourm    .   d - +0 buckler
rNeg     . . .     Faith    .   a - +0 animal skin
rPois    .         Spirit   .   (helmet restricted)
rElec    .         Reflect  .   (no cloak)
rCorr    .         Harm     .   (gloves unavailable)
MR       .....     Rnd*Tele +   (boots unavailable)
Stlth    +.........             (no amulet)
Regen    0.5/turn               (no ring)
MPRegen  0.1/turn               (no ring)

@: no status effects
A: cold vulnerability, blinkitis, unfitting armour, horns 1, fire resistance 1,
regeneration 1, screaming 1, teleportitis 1
a: Berserk, Renounce Religion


You were on level 1 of the Dungeon.
You worshipped Trog.
Trog was aware of your devotion.
You were not hungry.

You visited 1 branch of the dungeon, and saw 2 of its levels.

You collected 76 gold pieces.

Inventory:

Hand Weapons
 h - a +0 whip (weapon)
Missiles
 b - a tomahawk (quivered)
 e - 47 stones
 p - 38 sling bullets
Armour
 a - a +0 animal skin (worn)
 d - a +0 buckler (worn)
Scrolls
 g - a scroll of identify
Potions
 f - a potion of heal wounds {unknown}
 k - a potion of degeneration {unknown}
 l - a potion of might {unknown}
 n - 2 potions of agility
 o - a potion of flight {unknown}
Comestibles
 c - a bread ration
 m - 2 chunks of flesh


   Skills:
 + Level 4.1 Fighting
   Level 0.1 Short Blades
 + Level 3.5 Throwing
 + Level 4.7 Dodging
 + Level 0.5 Stealth
 * Level 0.4 Shields
 - Level 0.4 Unarmed Combat


You had 2 spell levels left.
You didn't know any spells.

Dungeon Overview and Level Annotations

Branches:
Dungeon (2/15)

Altars:


Innate Abilities, Weirdness & Mutations

Your bones are vulnerable to cold.
All sources of teleportitis gives you blinkitis instead.
You are very small and have problems with some larger weapons.
You are too small for most types of armour.
You have a pair of small horns on your head.
Your flesh is heat resistant. (rF+)
Your natural rate of healing is unusually fast.
You occasionally shout uncontrollably at your foes.
You are occasionally teleported next to monsters.


Message History

You block the worm's attack.
You hit the worm. Your headbutt misses the worm.
The worm is heavily wounded.
The goblin shoots a stone.
The stone hits you.
There is a stone staircase leading up here.
You climb upwards.
There is a stone staircase leading down here.
You hit the worm. You headbutt the worm.
The worm is severely wounded.
The worm misses you.
You barely miss the worm. You headbutt the worm.
The worm is almost dead.
The worm bites you!
Ouch! That really hurt!
You hit the worm but do no damage. You headbutt the worm.
The worm is almost dead.
You barely miss the worm. You headbutt the worm.
The worm is almost dead.
The worm bites you!
You die...

###############
##.............#
###...##########.#
...###.##### #.#
...# #..[..# #.#
##.###.###.# #.#
#....## #.# #.#
##.#.## #.# #@#
#....# #.# #w#
..#..# #.# #.#
#...## #.# #.#
##.## #.# #.###
#...# #.# #...#
#...# #.# ###.#
....#### #.# #.#
.......###.# #.#


You could see a worm.

Vanquished Creatures
  A worm (D:1)
  2 dart slugs (D:1)
  2 leopard geckos (D:1)
  2 bats (D:1)
  2 giant cockroaches (D:1)
  3 goblins (D:1)
  2 hobgoblins (D:1)
  3 jackals (D:1)
  A ball python (D:1)
  2 frilled lizards (D:1)
  6 kobolds
  3 rats (D:1)
29 creatures vanquished.

Notes
Turn   | Place    | Note
-------+----------+-------------------------------------------
     0 | D:1      | Halgar the Imp Berserker began the quest for the Orb.
     0 | D:1      | Reached XP level 1. HP: 12/12 MP: 1/1
   107 | D:1      | Reached XP level 2. HP: 17/17 MP: 2/2
   385 | D:1      | Reached XP level 3. HP: 21/21 MP: 3/3
  1032 | D:1      | Slain by a worm

Skill      XL: |  1  2 |
---------------+-------+-----
Fighting       | 4 |  4.1
Short Blades   | |  0.1
Throwing       | |  3.5
Dodging        | |  4.7
Stealth        | |  0.5
Shields        | |  0.4
Unarmed Combat | |  0.4

Action                   || total
-------------------------++-------
Melee: Unarmed           ||    20
       Headbutt          ||    21
       Dagger            ||    64
       Whip              ||    13
Throw: Stone             ||     8
       Tomahawk          ||     3
Invok: Berserk           ||     2
  Use: Scroll            ||     3
 Stab: Sleeping          ||     3
  Eat: Chunk             ||     2
Armor: Animal skin       ||     7
Dodge: Dodged            ||    88
Block: Buckler           ||    15
